 Dungeon Crawl Stone Soup version 0.29-a0-284-gf9362112df (webtiles) character file.

Game seed: 6612795148505353017

2548 testman the Archer (level 9, -15/54 HPs)
             Began as a Deep Elf Arcane Marksman on Mar 16, 2022.
             Was the Champion of Zin.
             Demolished by a death knight
             ... wielding a +0 broad axe
              (18 damage)
             ... on level 6 of the Dungeon.
             The game lasted 00:41:28 (6207 turns).

testman the Archer (Deep Elf Arcane Marksman)       Turns: 6207, Time: 00:41:28

Health: -15/54     AC:  9    Str:  7    XL:     9   Next: 30%
Magic:  15/17      EV: 13    Int: 19    God:    Zin [******]
Gold:   937        SH:  0    Dex: 31    Spells: 9/16 levels left

rFire   . . .      SeeInvis .   a - +1 shortbow
rCold   . . .      Faith    .   (shield currently unavailable)
rNeg    . . .      Spirit   .   e - +0 troll leather armour {Pargi}
rPois   .          Reflect  .   b - +2 helmet
rElec   .          Harm     .   B - +0 cloak
rCorr   .          Rampage  .   (no gloves)
Will    .....                   q - +0 pair of boots
Stlth   ++........              (no amulet)
HPRegen 0.98/turn               f - +6 ring of dexterity
MPRegen 0.15/turn               v - +6 ring of dexterity

@: no status effects
A: no striking features
a: Renounce Religion, Recite, Vitalisation, Imprison, Sanctuary, Donate Gold


You were on level 6 of the Dungeon.
You worshipped Zin.
Zin was exalted by your worship.
You visited 1 branch of the dungeon, and saw 6 of its levels.
You also visited: Sewer and Ossuary.

You collected 1615 gold pieces.
You spent 543 gold pieces at shops.
You donated 135 gold pieces to Zin.

Inventory:

Hand Weapons
 a - a +1 shortbow (weapon)
Missiles
 j - 9 poisoned darts
Armour
 b - a +2 helmet (worn)
 e - a +0 troll leather armour (worn) {Pargi}
 q - a +0 pair of boots (worn)
 B - a +0 cloak (worn)
Jewellery
 f - a +6 ring of dexterity (left hand)
 h - a ring of protection from fire
 s - a +6 ring of intelligence
 v - a +6 ring of dexterity (right hand)
 x - a ring of resist corrosion
Scrolls
 c - 4 scrolls of vulnerability
 n - 2 scrolls of fog
 p - a scroll of amnesia
 w - a scroll of immolation
 y - a scroll of teleportation
 z - 2 scrolls of enchant armour {unknown}
 A - a scroll of silence {unknown}
Potions
 d - a potion of haste {unknown}
 g - 2 potions of magic {unknown}
 i - 3 potions of ambrosia
 k - a potion of degeneration {unknown}
 l - 2 potions of mutation {unknown}
 m - 3 potions of flight {unknown}
 o - a potion of brilliance {unknown}
 t - 3 potions of lignification
 u - 2 potions of heal wounds {unknown}


   Skills:
 + Level 5.3 Fighting
 + Level 8.9 Bows
 - Level 2.4 Dodging
 + Level 4.2 Spellcasting
 + Level 5.5 Hexes
 + Level 6.2 Translocations
 + Level 5.1 Invocations


You had 9 spell levels left.
You knew the following spells:

 Your Spells              Type           Power      Damage    Failure   Level
a - Slow                  Hex            100%       N/A       1%          1
b - Portal Projectile     Hex/Tloc       52%        N/A       5%          3
c - Apportation           Tloc           54%        N/A       1%          1
d - Blink                 Tloc           54%        N/A       2%          2

Your spell library contained the following spells:

 Spells                   Type           Power      Damage    Failure   Level
 Lesser Beckoning         Tloc           27%        N/A       4%          3
 Confusing Touch          Hex            25%        N/A       6%          3
 Animate Skeleton         Necr           6%         N/A       21%         1
 Sandblast                Erth           6%         2d5       21%         1
 Summon Small Mammal      Summ           12%        N/A       21%         1
 Inner Flame              Hex/Fire       14%        N/A       21%         3
 Cause Fear               Hex            12%        N/A       21%         4
 Passwall                 Tmut/Erth      2%         N/A       30%         2
 Manifold Assault         Tloc           27%        N/A       41%         5
 Stone Arrow              Conj/Erth      6%         3d7       52%         3
 Vampiric Draining        Necr           3%         2d6       52%         3
 Summon Forest            Summ/Tloc      7%         N/A       83%         5
 Dispersal                Tloc           13%        N/A       94%         6
 Eringya's Noxious Bog    Tmut/Pois      1%         N/A       100%        6
 Summon Hydra             Summ           1%         N/A       100%        7
 Disjunction              Tloc           13%        N/A       100%        8


Dungeon Overview and Level Annotations

Branches:
Dungeon (6/15)             Temple (0/1) D:5           Sewer (visited)
Ossuary (visited)

Altars:
Kikubaaqudgha
Nemelex Xobeh
Qazlal
Uskayaw
Zin
The Shining One

Shops:
D:6 :[[


Message History

You see here a hound skeleton.
The orc warrior is no longer moving slowly.
The death knight mumbles some strange prayers to Yredelemnul against you.
You struggle to resist.
You are confused.
You're too confused to move!
The death knight enters a dispersal trap!
The orc warrior blinks!
You blink.
The death knight blinks!
A puff of flame appears from out of thin air!
The puff of flame hits you.
The ice beast hits you but does no damage.
You clumsily bash the ice beast but do no damage.
An orc wizard appears from thin air!
Reactivating autopickup.
The orc warrior hits you with a +2 war axe of venom!
You are poisoned.
The death knight invokes the aid of Yredelemnul against you.
Your body is wracked with pain!
The ice beast hits you.
* * * LOW HITPOINT WARNING * * *
The ice beast freezes you!
* * * LOW HITPOINT WARNING * * *
You feel better. The orc warrior completely misses you.
The ice beast hits you but does no damage.
Okay, then.
Casting: Blink (safe; 2% risk of failure)
Confirm with . or Enter, or press ? or * to list all spells.
You blink.
The orc wizard attacks as you move away!
The orc wizard hits you but does no damage.
The orc wizard attacks as you move away!
The orc wizard hits you with a +0 dagger.
* * * LOW HITPOINT WARNING * * *
The death knight attacks as you move away!
The death knight hits you with a +0 broad axe!
* * * LOW HITPOINT WARNING * * *
You feel stable enough to blink again.
There is a stone staircase leading up here.
Okay, then.
The death knight hits you with a +0 broad axe!!
You die...

............................#....
.###........................#..p.
.###........................#....
...........##...÷...........#....
...........###...................
.................................
∩...............#........†.......
...#........[.^.poY.............)
................@o...............
..............#.............#.♣..
.#...#...###..#...#.####.......[.
.#.......# #..#...#.## #...#.♣∩♣.
......... ...........# #.).......
....../. ...........# ##.#.[.♣..
. ..#..#...##.# ##.#.....#
.#.........#..#...##.###........#
.#..#......#......##'##.........#


You could see a death knight, an orc warrior, an ice beast and an orc wizard.

Vanquished Creatures
  A water moccasin (D:6)
  2 black bears (D:4)
  A sky beast (D:4)
  Pargi (Sewer)
  3 ice beasts
  4 ogres
  2 orc warriors
  A centaur (D:5)
  4 water moccasin zombies (Ossuary)
  A scorpion (D:4)
  2 howler monkeys (D:5)
  2 jellies
  4 hounds
  6 orc priests
  5 iguanas
  3 orc wizards
  2 mummies (Ossuary)
  7 adders
  8 adder zombies (Ossuary)
  3 worms
  4 dart slugs
  27 orcs
  4 endoplasms
  4 giant cockroaches
  9 goblins
  7 hobgoblins
  4 jackals (D:1)
  2 quokkas
  13 ball pythons
  6 bats
  7 frilled lizards
  3 gnoll zombies (Ossuary)
  2 hobgoblin zombies (Ossuary)
  8 kobolds
  8 kobold zombies (Ossuary)
  6 orc zombies (Ossuary)
  11 rats
187 creatures vanquished.

Notes
Turn   | Place    | Note
-------+----------+-------------------------------------------
     0 | D:1      | testman the Deep Elf Arcane Marksman began the quest for
                  | the Orb.
     0 | D:1      | Reached XP level 1. HP: 11/11 MP: 5/5
    45 | D:1      | Reached skill level 1 in Fighting
    65 | D:1      | Reached skill level 3 in Bows
    92 | D:1      | Reached XP level 2. HP: 16/16 MP: 6/6
   364 | D:1      | Found a faded altar of an unknown god.
   374 | D:1      | Prayed at the altar of an unknown god.
   374 | D:1      | Became a worshipper of Zin the Law-Giver
   374 | D:1      | Reached * piety under Zin
   512 | D:1      | Reached XP level 3. HP: 21/21 MP: 7/7
   752 | D:1      | Reached skill level 4 in Bows
  1370 | D:2      | Reached ** piety under Zin
  1617 | D:2      | Learned a level 3 spell: Portal Projectile
  1798 | D:2      | Reached XP level 4. HP: 26/26 MP: 8/8
  2064 | D:3      | Identified a scroll of acquirement
  2064 | D:3      | Acquired 1182 gold pieces
  2065 | D:3      | Reached *** piety under Zin
  2065 | D:3      | Reached **** piety under Zin
  2138 | D:3      | Reached skill level 1 in Translocations
  2284 | D:3      | Found a glowing drain.
  2293 | Sewer    | Entered a sewer
  2337 | Sewer    | Noticed Pargi
  2375 | Sewer    | Killed Pargi
  2376 | Sewer    | Reached skill level 5 in Bows
  2376 | Sewer    | Reached XP level 5. HP: 13/32 MP: 9/9
  2761 | D:3      | Reached XP level 6. HP: 30/37 MP: 10/10
  2863 | D:3      | Reached ***** piety under Zin
  3062 | D:4      | Noticed an orc warrior
  3193 | D:4      | Reached skill level 6 in Bows
  3258 | D:4      | Found a sand-covered staircase.
  3262 | Ossuary  | Entered an ossuary
  3514 | Ossuary  | Reached skill level 1 in Invocations
  3637 | Ossuary  | Reached XP level 7. HP: 34/41 MP: 11/11
  4019 | D:4      | Reached skill level 7 in Bows
  4108 | D:4      | Reached XP level 8. HP: 48/48 MP: 12/12
  4348 | D:4      | Reached skill level 5 in Translocations
  4816 | D:4      | Learned a level 1 spell: Apportation
  4950 | D:5      | Entered Level 5 of the Dungeon
  4950 | D:5      | Found a staircase to the Ecumenical Temple.
  4956 | D:5      | Reached ****** piety under Zin
  5060 | D:5      | Reached skill level 8 in Bows
  5365 | D:5      | Reached skill level 5 in Fighting
  5430 | D:5      | Found a glowing golden altar of the Shining One.
  5603 | D:5      | Reached skill level 5 in Hexes
  5664 | D:5      | Reached XP level 9. HP: 53/54 MP: 15/15
  5763 | D:5      | Found a faded altar of an unknown god.
  5763 | D:5      | Found a sparkling altar of Nemelex Xobeh.
  5770 | D:5      | Found a stormy altar of Qazlal.
  5772 | D:5      | Found an ancient bone altar of Kikubaaqudgha.
  5774 | D:5      | Found a hide-covered altar of Uskayaw.
  5848 | D:6      | Found Ydeusy's Armour Shop.
  5920 | D:6      | Identified the +9 falchion of the Fray {freeze, Int+4 Dex-4
                  | SInv}
  5941 | D:6      | Bought a +2 helmet for 231 gold pieces
  6075 | D:6      | Found Pyloed's Antique Armour Shoppe.
  6103 | D:6      | Reached skill level 5 in Invocations
  6121 | D:6      | Noticed a death knight
  6126 | D:6      | Found Jodwolug's Book Shoppe.
  6128 | D:6      | Bought a book of Spatial Translocations for 312 gold pieces
  6131 | D:6      | Learned a level 2 spell: Blink
  6206 | D:6      | HP: 1/54 [death knight/+0 broad axe (12)]
  6207 | D:6      | Demolished by a death knight

Illustrated notes

Levels and vault maps discovered:
D:1:      saegor_arrival_simple_b, layout_basic, basic_ecumenical_altar,
          minmay_stone_trees_small
D:2:      layout_loops_corners, nrook_loot_triangle, nrook_mini_vaults
D:3:      layout_basic, portal_sewer_entry_b
D:4:      layout_basic, enter_ossuary_5, kennysheep_cluttered_room,
          minmay_joined_circles
D:5:      layout_cave_pools, chequers_temple_overflow_minitemple,
          tso_oasis_becter, minmay_temple_entry_offerings
D:6:      layout_basic, serial_shops, shop, shop, shop, nicolae_stop_n_shop_2,
          nicolae_shop_trees

Skill      XL: |  1  2  3  4  5  6  7  8  9 |
---------------+----------------------------+-----
Fighting       | 1 2 3 4 5 |  5.3
Bows           | 3 4 5 6 7 8 |  8.9
Translocations | 2 3 4 5 6 |  6.2
Invocations    | 1 3 4 5 |  5.1
Spellcasting   | 3 4 |  4.2
Hexes          | 5 |  5.5
Dodging        | |  2.4

Action                   |  1- 3 |  4- 6 |  7- 9 || total
-------------------------+-------+-------+-------++-------
Melee: Shortbow          |       |       |     1 ||     1
 Fire: Shortbow          |   110 |   153 |   314 ||   577
Throw: Dart              |       |     1 |       ||     1
 Cast: Slow              |     1 |     9 |    42 ||    52
       Blink             |       |       |     2 ||     2
Invok: Recite            |       |     6 |     1 ||     7
  Use: Potion            |     2 |     1 |     2 ||     5
       Scroll            |       |     3 |     6 ||     9
Armor: Robe              |     6 |     5 |       ||    11
       Troll leather arm |       |    15 |    53 ||    68
Dodge: Dodged            |    22 |    59 |    81 ||   162

Table legend: (Time is in decaauts)
 A = Elapsed time spent in this place.
 B = Non-inter-level travel time spent in this place.
 C = Inter-level travel time spent in this place.
 D = Time resting spent in this place.
 E = Time spent auto-exploring this place.
 F = Levels seen in this place.
 G = Mean time per level.
                   A        B        C        D        E       F      G
               +--------+--------+--------+--------+--------+-----+--------+
         Total |   6342 |   5889 |    453 |   1015 |   3136 |   8 |  792.8 |
       Dungeon |   5518 |   5065 |    453 |    587 |   3042 |   6 |  919.7 |
         Sewer |    361 |    361 |      0 |    187 |     93 |   1 |  361.0 |
       Ossuary |    462 |    462 |      0 |    241 |      1 |   1 |  462.0 |
               +--------+--------+--------+--------+--------+-----+--------+

Top non-repeatable levels by time:
     D:4: 1518 daAuts
     D:1: 1068 daAuts
     D:2: 1021 daAuts
     D:5: 857 daAuts
     D:3: 697 daAuts
 Ossuary: 462 daAuts
   Sewer: 361 daAuts
     D:6: 356 daAuts
